 Dungeon Crawl Stone Soup version 0.27-a0-797-g27d10ad80f (webtiles) character file.

Game seed: 5181423652515525925

222 wakim the Shield-Bearer (level 5, -7/47 HPs)
             Began as a Minotaur Fighter on Mar 27, 2021.
             Killed by divine providence
             ... invoked by an orc priest
              (13 damage)
             ... on level 3 of the Dungeon.
             The game lasted 00:07:05 (2609 turns).

wakim the Shield-Bearer (Minotaur Fighter)          Turns: 2609, Time: 00:07:06

Health: -7/47      AC: 12    Str: 21    XL:     5   Next: 66%
Magic:  4/4        EV:  2    Int:  5    God:
Gold:   147        SH: 19    Dex: 10    Spells: 4/4 levels left

rFire    . . .     SeeInvis .   a - +0 flail
rCold    . . .     Faith    .   m - +0 tower shield
rNeg     . . .     Spirit   .   f - +0 plate armour
rPois    .         Reflect  +   (helmet restricted)
rElec    .         Harm     .   (no cloak)
rCorr    .         Rampage  .   (no gloves)
Will     .....                  (no boots)
Stlth    ..........             h - amulet of reflection
HPRegen  0.15/turn              (no ring)
MPRegen  0.09/turn              (no ring)

@: mighty
A: horns 2, retaliatory headbutt
a: no special abilities


You were on level 3 of the Dungeon.
You visited 1 branch of the dungeon, and saw 3 of its levels.

You collected 147 gold pieces.

Inventory:

Hand Weapons
 a - a +0 flail (weapon)
 b - a +0 hunting sling
Missiles
 d - 28 bolts
 i - 25 poisoned darts (quivered)
 j - 7 javelins
 k - 48 sling bullets
Armour
 f - a +0 plate armour (worn)
 m - a +0 tower shield (worn)
Jewellery
 g - a ring of fire
 h - an amulet of reflection (around neck)
Wands
 r - a wand of random effects (18)
Scrolls
 F - a scroll of fog
 O - a scroll of silence
Potions
 L - a potion of flight


   Skills:
 + Level 4.6 Fighting
 * Level 4.8 Maces & Flails
 + Level 4.6 Armour
 * Level 4.9 Shields


You had 4 spell levels left.
You didn't know any spells.
Your spell library contained the following spells:

 Spells                   Type           Power      Damage    Failure   Level
 Corona                   Hex            0%         N/A       100%        1
 Ensorcelled Hibernation  Hex/Ice        0%         N/A       100%        2
 Confusing Touch          Hex            0%         N/A       100%        3
 Dazzling Flash           Conj/Hex       0%         N/A       100%        3
 Tukima's Dance           Hex            0%         N/A       100%        3


Dungeon Overview and Level Annotations

Branches:
Dungeon (3/15)

Altars:


Innate Abilities, Weirdness & Mutations

You have a pair of horns on your head.
You reflexively headbutt those who attack you in melee.


Message History

* * * LOW HITPOINT WARNING * * *
You hit the orc.
You kill the orc!
You feel less invigorated.
You feel less confused.
The orc priest looks encouraged for a moment.
The orc priest calls down the wrath of Beogh upon you.
You barely resist. You sock the orc priest!
The orc priest is severely wounded.
The orc priest calls upon Beogh to heal the orc priest.
The orc priest is healed somewhat.
The orc priest mumbles some strange prayers to Beogh against you.
Beogh smites you!
* * * LOW HITPOINT WARNING * * *
The orc priest calls upon Beogh to heal the orc priest.
The orc priest is healed somewhat.
You thump the orc priest!
The orc priest is almost dead.
The orc priest calls down the wrath of Beogh upon you.
You barely resist.
The orc priest hits you with a +0 hand axe.
* * * LOW HITPOINT WARNING * * *
You closely miss the orc priest.
The orc priest is almost dead.
You sock the orc priest!
You kill the orc priest!
The orc priest calls down the wrath of Beogh upon you.
Pain shoots through your body!
* * * LOW HITPOINT WARNING * * *
You hit something.
The orc priest miscasts a cantrip.
You hear some strange, mumbled words.
Something tries to affect you, but you resist.
You sock something!
You hear some strange, mumbled words.
A magic dart appears from out of thin air!
The orc priest invokes the aid of Beogh against you.
Beogh smites you!
You die...

... ... #.# #..# #.#
#..# #.# #..# #.#
#..# #.# ###### #..#
#.# ##.#.#
#..#######.# .....#
#...)...@{o#
...#######.#######.#
...........# ##..#
########.### #...# #
#.# #..## # #.# #oo#
#.# #..# #.# #..#
#.# #..#


You could see an orc priest.

Vanquished Creatures
  An orc priest (D:3)
  A bullfrog skeleton (D:3)
  Terence (D:3)
  Robin (D:3)
  2 adders (D:2)
  4 worms (D:2)
  3 dart slugs
  5 orcs (D:3)
  4 endoplasms
  3 giant cockroaches
  15 goblins
  6 hobgoblins
  10 jackals
  4 quokkas
  5 ball pythons
  4 bats
  2 frilled lizards (D:1)
  4 kobolds (D:1)
  7 rats
82 creatures vanquished.

Notes
Turn   | Place    | Note
-------+----------+-------------------------------------------
     0 | D:1      | wakim the Minotaur Fighter began the quest for the Orb.
     0 | D:1      | Reached XP level 1. HP: 19/19 MP: 0/0
    76 | D:1      | Reached XP level 2. HP: 14/27 MP: 1/1
   430 | D:1      | Reached XP level 3. HP: 29/33 MP: 2/2
  1130 | D:2      | Reached XP level 4. HP: 40/40 MP: 3/3
  1901 | D:3      | Noticed Robin
  1923 | D:3      | Killed Robin
  2238 | D:3      | Reached XP level 5. HP: 42/47 MP: 4/4
  2430 | D:3      | Noticed Terence
  2446 | D:3      | Killed Terence
  2609 | D:3      | Killed from afar by an orc priest

Illustrated notes

Levels and vault maps discovered:
D:1:      lemuel_arrival_river_bridge, layout_rooms
D:2:      layout_loops_ring
D:3:      layout_loops_ring, serial_bayou_pond_d, uniq_robin, uniq_terence,
          uniq_crazy_yiuf_cottage

Skill      XL: |  1  2  3  4 |
---------------+-------------+-----
Maces & Flails | 3 4 |  4.8
Shields        | 4 |  4.9
Fighting       | 4 |  4.6
Armour         | 4 |  4.6

Action                   |  1- 3 |  4- 6 || total
-------------------------+-------+-------++-------
Melee: Flail             |   100 |   110 ||   210
       Headbutt          |    11 |    21 ||    32
 Fire: Hunting sling     |       |     6 ||     6
  Use: Scroll            |     6 |     2 ||     8
       Potion            |       |     3 ||     3
Armor: Scale mail        |    41 |       ||    41
       Plate armour      |    22 |    54 ||    76
Dodge: Dodged            |    40 |    17 ||    57
Block: Kite shield       |    57 |    46 ||   103
       Tower shield      |       |    69 ||    69

Table legend: (Time is in decaauts)
 A = Elapsed time spent in this place.
 B = Non-inter-level travel time spent in this place.
 C = Inter-level travel time spent in this place.
 D = Time resting spent in this place.
 E = Time spent auto-exploring this place.
 F = Levels seen in this place.
 G = Mean time per level.
                   A        B        C        D        E       F      G
               +--------+--------+--------+--------+--------+-----+--------+
         Total |   2711 |   2624 |     87 |    249 |   1724 |   3 |  903.7 |
       Dungeon |   2711 |   2624 |     87 |    249 |   1724 |   3 |  903.7 |
               +--------+--------+--------+--------+--------+-----+--------+

Top non-repeatable levels by time:
     D:2: 1086 daAuts
     D:3: 847 daAuts
     D:1: 778 daAuts
